 Dungeon Crawl Stone Soup version 0.29-a0-338-g1ff7896281 (webtiles) character file.

Game seed: 10190875929529985289

7 ObtusePanda the Skirmisher (level 2, -1/27 HPs)
             Began as a Hill Orc Fighter on Apr 19, 2022.
             Slain by a gnoll
             ... wielding a +0 flail
              (8 damage)
             ... on level 1 of the Dungeon.
             The game lasted 00:00:24 (41 turns).

ObtusePanda the Skirmisher (Hill Orc Fighter)         Turns: 41, Time: 00:00:25

Health: -1/27      AC:  6    Str: 18    XL:     2   Next: 4%
Magic:  2/2        EV:  9    Int:  8    God:
Gold:   13         SH:  4    Dex: 10    Spells: 1/1 levels left

rFire   . . .      SeeInvis .   a - +0 war axe
rCold   . . .      Faith    .   c - +0 buckler
rNeg    . . .      Spirit   .   b - +0 scale mail
rPois   .          Reflect  .   (no helmet)
rElec   .          Harm     .   (no cloak)
rCorr   .          Rampage  .   (no gloves)
Will    .....                   (no boots)
Stlth   ..........              (no amulet)
HPRegen 0.09/turn               (no ring)
MPRegen 0.08/turn               (no ring)

@: mighty
A: no striking features
a: no special abilities


You were on level 1 of the Dungeon.
You visited 1 branch of the dungeon, and saw 1 of its levels.

You collected 13 gold pieces.

Inventory:

Hand Weapons
 a - a +0 war axe (weapon)
Armour
 b - a +0 scale mail (worn)
 c - a +0 buckler (worn)


   Skills:
 + Level 3.8 Fighting
 + Level 3.0 Axes
 + Level 3.4 Armour
 + Level 3.4 Shields


You had one spell level left.
You didn't know any spells.
Your spell library was empty.

Dungeon Overview and Level Annotations

Branches:
Dungeon (1/15)

Altars:


Message History

The gnoll shouts!
The giant cockroach bites you but does no damage.
The goblin hits you but does no damage.
You closely miss the giant cockroach. You slash the goblin!
You kill the goblin!
The giant cockroach barely misses you. The giant cockroach misses you.
You slash the giant cockroach!
You kill the giant cockroach!
You closely miss the frilled lizard.
The frilled lizard bites you but does no damage.
The goblin hits you with a +0 club.
The frilled lizard bites you but does no damage.
You slash the goblin!
You kill the goblin!
You barely miss the frilled lizard. The frilled lizard bites you.
You closely miss the frilled lizard.
The frilled lizard bites you but does no damage.
You hit the gnoll.
The gnoll is moderately wounded.
You miss the frilled lizard. The frilled lizard bites you.
The gnoll barely misses you.
The hobgoblin hits you but does no damage.
The frilled lizard bites you but does no damage.
The gnoll hits you with a +0 flail!
The frilled lizard attacks as you move away!
The frilled lizard barely misses you. The hobgoblin closely misses you.
The hobgoblin attacks as you move away! The hobgoblin hits you.
* * * LOW HITPOINT WARNING * * *
The frilled lizard attacks as you move away!
The frilled lizard closely misses you.
You are too injured to fight recklessly!
You are too injured to fight recklessly!
You are too injured to fight recklessly!
You slash the hobgoblin!
You kill the hobgoblin!
Your Axes skill increases to level 3!
You have reached level 2!
You feel very mighty all of a sudden. The gnoll hits you with a +0 flail!
You die...

.###. ..........# ...#.
#.........# #..#.##
#.........# ## #..#..###
#....>.....
...#.###...#####...#.##
....<....#.#..##...#..###
.###.#...#.........#....##..
#..########.##.#....$....#
#..# #...@gl.†)....## #...
####.###).....# ###. ...#
........# . ###.#..........
## #............
#............ .............
...##.........


You could see a gnoll and a frilled lizard.

Vanquished Creatures
  An endoplasm (D:1)
  A giant cockroach (D:1)
  2 goblins (D:1)
  A hobgoblin (D:1)
  A bat (D:1)
6 creatures vanquished.

Notes
Turn   | Place    | Note
-------+----------+-------------------------------------------
     0 | D:1      | ObtusePanda the Hill Orc Fighter began the quest for the
                  | Orb.
     0 | D:1      | Reached XP level 1. HP: 19/19 MP: 1/1
    41 | D:1      | Reached XP level 2. HP: 7/27 MP: 2/2
    41 | D:1      | Slain by a gnoll

Illustrated notes

Levels and vault maps discovered:
D:1:      psy_arrival_radial01, layout_rooms,
          shapermc_ecumenical_altar_hornbeckon

Skill      XL: |  1 |
---------------+----+-----
Axes           | 3 |  3.0
Fighting       | |  3.8
Armour         | |  3.4
Shields        | |  3.4

Action                   || total
-------------------------++-------
Melee: War axe           ||    10
  Use: Potion            ||     1
Armor: Scale mail        ||    10
Dodge: Dodged            ||     6
Block: Buckler           ||     2

Table legend: (Time is in decaauts)
 A = Elapsed time spent in this place.
 B = Non-inter-level travel time spent in this place.
 C = Inter-level travel time spent in this place.
 D = Time resting spent in this place.
 E = Time spent auto-exploring this place.
 F = Levels seen in this place.
 G = Mean time per level.
                   A        B        C        D        E       F      G
               +--------+--------+--------+--------+--------+-----+--------+
         Total |     44 |     44 |      0 |      0 |     18 |   1 |   44.0 |
       Dungeon |     44 |     44 |      0 |      0 |     18 |   1 |   44.0 |
               +--------+--------+--------+--------+--------+-----+--------+

Top non-repeatable levels by time:
     D:1: 44 daAuts
